 Dungeon Crawl Stone Soup version 0.27-a0-695-gb4952372f7 (webtiles) character file.

Game seed: 175597596546129166

81 Lanoc the Grasshopper (level 4, 0/39 HPs)
             Began as a Deep Dwarf Warper on Mar 21, 2021.
             Was a Follower of Sif Muna.
             Slain by an orc warrior
             ... wielding a +0 flail
              (11 damage)
             ... on level 3 of the Dungeon.
             The game lasted 00:04:53 (1741 turns).

Lanoc the Grasshopper (Deep Dwarf Warper)           Turns: 1741, Time: 00:04:54

Health: 0/39       AC:  7    Str: 15    XL:     4   Next: 19%
Magic:  15/15 (6)  EV: 12    Int: 14    God:    Sif Muna [*.....]
Gold:   113        SH:  0    Dex: 14    Spells: 3/6 levels left

rFire    . . .     SeeInvis .   a - +0 hand axe
rCold    . . .     Faith    .   (no shield)
rNeg     . . .     Spirit   .   h - +0 leather armour
rPois    .         Reflect  .   (helmet restricted)
rElec    .         Harm     .   j - +0 cloak
rCorr    .         Rampage  .   m - +2 pair of gloves
Will     .....                  (no boots)
Stlth    +.........             (no amulet)
HPRegen  0.00/turn              o - ring of magical power
MPRegen  0.14/turn              (no ring)

@: non-regenerating
A: damage resistance, heal wounds, sense surroundings 1, no regeneration, horns
1, talons 1, agile 1, MP-powered wands
a: Heal Wounds, Renounce Religion, Channel Magic


You were on level 3 of the Dungeon.
You worshipped Sif Muna.
Sif Muna was aware of your devotion.
You visited 1 branch of the dungeon, and saw 3 of its levels.

You collected 113 gold pieces.

Inventory:

Hand Weapons
 a - a +0 hand axe (weapon)
 b - a +0 hunting sling
Missiles
 e - 5 boomerangs of dispersal (quivered)
 i - 24 stones
Armour
 h - a +0 leather armour (worn)
 j - a +0 cloak (worn)
 m - a +2 pair of gloves (worn)
Jewellery
 o - a ring of magical power (right hand)
Scrolls
 c - 2 scrolls of fear {unknown}
 d - a scroll of blinking
 f - a scroll of amnesia {unknown}
 g - 3 scrolls of identify {unknown}
 k - a scroll of brand weapon {unknown}
 n - a scroll of teleportation {unknown}
Potions
 l - 2 potions of heal wounds


   Skills:
 + Level 2.3 Fighting
 - Level 3.1 Axes
 - Level 0.8 Throwing
 - Level 1.1 Armour
 + Level 2.8 Dodging
 - Level 1.7 Spellcasting
 * Level 4.2 Translocations


You had 3 spell levels left.
You knew the following spells:

 Your Spells              Type           Power      Damage    Failure   Level
a - Apportation           Tloc           26%        N/A       5%          1
b - Blink                 Tloc           N/A        N/A       8%          2

Your spell library contained the following spells:

 Spells                   Type           Power      Damage    Failure   Level
 Gell's Gravitas          Tloc           6%         N/A       16%         3
 Lesser Beckoning         Tloc           6%         N/A       16%         3
 Teleport Other           Tloc           13%        N/A       16%         3
 Animate Skeleton         Necr           2%         N/A       30%         1
 Beastly Appendage        Tmut           2%         N/A       30%         1
 Corona                   Hex            1%         N/A       30%         1
 Summon Small Mammal      Summ           4%         N/A       30%         1
 Wereblood                Tmut           1%         N/A       41%         2
 Confusing Touch          Hex            1%         N/A       65%         3
 Spider Form              Tmut/Pois      0%         N/A       65%         3
 Manifold Assault         Tloc           13%        N/A       45%         4
 Ice Form                 Ice/Tmut       1%         N/A       96%         4
 Petrify                  Tmut/Erth      1%         N/A       96%         4
 Blade Hands              Tmut           0%         N/A       100%        5
 Metabolic Englaciation   Hex/Ice        0%         N/A       100%        5
 Yara's Violent Unravell  Hex/Tmut       0%         3d3       100%        5


Dungeon Overview and Level Annotations

Branches:
Dungeon (3/15)

Altars:
Sif Muna


Innate Abilities, Weirdness & Mutations

You are resistant to damage.
You can heal yourself by infusing magical energy.
You passively map a small area around you.
You do not regenerate.
You have a pair of small horns on your head.
You have sharp toenails.
You are agile. (Dex +2)
You expend magic power (3 MP) to strengthen your wands.


Message History

The orc is heavily wounded.
You shoot a stone. The stone barely misses the orc. x2
You shoot a stone. The stone closely misses the orc.
The stone hits the orc but does no damage.
The orc is heavily wounded.
An orc warrior comes into view. It is wielding a +0 flail.
You shoot a stone. The stone barely misses the orc.
The stone hits the orc but does no damage.
The orc is heavily wounded.
The orc hits you with a +0 dagger.
a - a +0 hand axe (weapon)
The orc hits you with a +0 dagger.
You hit the orc.
You kill the orc!
Sif Muna accepts your kill.
You hit the orc. The orc closely misses you.
You barely miss the orc. You headbutt the orc.
You kill the orc!
Sif Muna accepts your kill.
An orc wizard comes into view. It is wielding a +0 dagger.
The orc wizard shouts!
You hear an angry hiss.
The orc wizard gestures at itself while chanting.
The orc wizard flickers and vanishes!
Deactivating autopickup; reactivate with Ctrl-A.
Things that are here:
a +0 dagger; 7 stones You closely miss the orc warrior.
You claw the orc warrior, but do no damage.
An adder comes into view.
You hit the orc warrior. You headbutt the orc warrior.
The orc warrior is moderately wounded.
The orc warrior barely misses you.
You hit the orc warrior. Your kick misses the orc warrior.
You headbutt the orc warrior.
The orc warrior is moderately wounded.
The orc warrior hits you with a +0 flail!!
Ouch! That really hurt!
* * * LOW HITPOINT WARNING * * *
The orc warrior hits you with a +0 flail!
You die...

#...#####......#* ,
#.............##
........#####†.####
**
#####...........#
#########.#.# * **
# #>#.##### .#
#[....... #.#
#...#####* ...
#@o$..# .# , *
*#.....# .#
,,.(....# .###.# *
**##(....# ......
#S....# ##.## *
#(..### # * .(..#
....# * ** ,


You could see an orc warrior and an adder.

Vanquished Creatures
  3 adders
  An ooze (D:3)
  2 leopard geckos
  4 orcs (D:3)
  3 bats
  3 giant cockroaches (D:2)
  7 goblins
  3 hobgoblins (D:3)
  6 kobolds
  A ball python (D:3)
  7 frilled lizards
  3 rats
43 creatures vanquished.

Notes
Turn   | Place    | Note
-------+----------+-------------------------------------------
     0 | D:1      | Lanoc the Deep Dwarf Warper began the quest for the Orb.
     0 | D:1      | Reached XP level 1. HP: 19/19 MP: 3/3
   144 | D:1      | Learned a level 1 spell: Apportation
   230 | D:1      | Reached XP level 2. HP: 20/26 MP: 4/4
   713 | D:2      | Learned a level 2 spell: Blink
   893 | D:2      | Gained mutation: You have sharp toenails. [potion of
                  | mutation]
   893 | D:2      | Gained mutation: You expend magic power (3 MP) to
                  | strengthen your wands. [potion of mutation]
   893 | D:2      | Gained mutation: You are agile. (Dex +2) [potion of
                  | mutation]
   893 | D:2      | Gained mutation: You have a pair of small horns on your
                  | head. [potion of mutation]
   951 | D:2      | Reached XP level 3. HP: 32/32 MP: 5/5
  1366 | D:3      | Found a faded altar of an unknown god.
  1413 | D:3      | Reached skill level 4 in Translocations
  1428 | D:3      | Became a worshipper of Sif Muna the Loreminder
  1428 | D:3      | Reached * piety under Sif Muna
  1516 | D:3      | Reached XP level 4. HP: 39/39 MP: 6/6
  1733 | D:3      | Noticed an orc warrior
  1741 | D:3      | Slain by an orc warrior

Illustrated notes

Levels and vault maps discovered:
D:1:      noname_arrival_rooms_in_the_neighbourhood, layout_loops_ring,
          st_stairs_10
D:2:      layout_loops_cross, minmay_misc_feat_roman
D:3:      layout_loops_ring, nicolae_qazlal_eye_of_the_storm,
          lemuel_doored_altar, chequers_ecumenical_altar_simple_redux,
          minmay_misc_feat_hallway

Skill      XL: |  1  2  3 |
---------------+----------+-----
Fighting       | 2 |  2.3
Axes           | 3 |  3.1
Translocations | 4 |  4.2
Throwing       | |  0.8
Armour         | |  1.1
Dodging        | |  2.8
Spellcasting   | |  1.7

Action                   |  1- 3 |  4- 6 || total
-------------------------+-------+-------++-------
Melee: Hand axe          |    72 |     7 ||    79
       Headbutt          |     4 |     3 ||     7
       Kick              |     6 |     2 ||     8
 Fire: Hunting sling     |    40 |    34 ||    74
 Cast: Blink             |     1 |       ||     1
 Abil: Heal Wounds       |     2 |       ||     2
  Use: Potion            |     2 |       ||     2
Armor: Leather armour    |    29 |     4 ||    33
Dodge: Dodged            |    65 |    10 ||    75

Table legend: (Time is in decaauts)
 A = Elapsed time spent in this place.
 B = Non-inter-level travel time spent in this place.
 C = Inter-level travel time spent in this place.
 D = Time resting spent in this place.
 E = Time spent auto-exploring this place.
 F = Levels seen in this place.
 G = Mean time per level.
                   A        B        C        D        E       F      G
               +--------+--------+--------+--------+--------+-----+--------+
         Total |   1761 |   1690 |     71 |      0 |   1320 |   3 |  587.0 |
       Dungeon |   1761 |   1690 |     71 |      0 |   1320 |   3 |  587.0 |
               +--------+--------+--------+--------+--------+-----+--------+

Top non-repeatable levels by time:
     D:2: 725 daAuts
     D:1: 686 daAuts
     D:3: 349 daAuts
